 Dungeon Crawl Stone Soup version 0.31.0-11-ge490571c62 (webtiles) character file.

Game seed: 7346208226849471530

62 GloriousHammer the Grasshopper (level 3, -2/30 HPs)
             Began as a Draconian Warper on Feb 3, 2024.
             Incinerated by a bombardier beetle (3 damage)
             ... with a burning spray
             ... on level 5 of the Dungeon.
             The game lasted 00:05:43 (2105 turns).

GloriousHammer the Grasshopper (Draconian Warper)   Turns: 2105, Time: 00:05:43

Health: -2/30      AC:  5    Str: 15    XL:     3   Next: 85%
Magic:  5/6        EV: 12    Int: 13    God:
Gold:   208        SH:  0    Dex: 10    Spells: 5/7 levels left

rFire   . . .        g - +0 whip
rCold   . . .        (no shield)
rNeg    . . .        (body armour unavailable)
rPois   .            (helmet restricted)
rElec   .            (no cloak)
rCorr   .            (no gloves)
SInv    .            (no boots)
Will    .....        (no amulet)
Stlth   +            (no ring)
HPRegen 0.25/turn    (no ring)
MPRegen 0.10/turn

%: no passive effects
@: on fire, glowing
A: AC +5, unfitting armour, cold-blooded
a: no special abilities


You were on level 5 of the Dungeon.
You visited 1 branch of the dungeon, and saw 4 of its levels.

You collected 208 gold pieces.

Inventory:

Hand Weapons
 a - a +0 mace
 g - a +0 whip (weapon)
Missiles
 c - 6 darts of dispersal
 j - 7 poisoned darts (quivered)
 q - 5 boomerangs
 t - 5 curare-tipped darts
Talismans
 r - a maw talisman
Scrolls
 b - a scroll of blinking
 e - a scroll of identify {unknown}
 h - a scroll of summoning {unknown}
 k - a scroll of fear {unknown}
 m - a scroll of fog {unknown}
 o - a scroll of torment {unknown}
 p - a scroll of silence {unknown}
Potions
 d - a potion of cancellation {unknown}
 f - a potion of haste {unknown}
 i - a potion of attraction {unknown}
 l - a potion of curing {unknown}
 s - a potion of might {unknown}


   Skills:
 - Level 2.4 Fighting
 * Level 2.8 Maces & Flails
 - Level 1.2 Throwing
 - Level 2.2 Dodging
 + Level 2.5 Spellcasting
 + Level 3.5 Translocations


You had 5 spell levels left.
You knew the following spells:

 Your Spells              Type           Power      Damage    Failure   Level
a - Blink                 Tloc           20%        N/A       9%          2

Your spell library contained the following spells:

 Spells                   Type           Power      Damage    Failure   Level
 Lesser Beckoning         Tloc           20%        N/A       9%          2
 Teleport Other           Tloc           10%        N/A       17%         3
 Manifold Assault         Tloc           10%        N/A       50%         4
 Vhi's Electric Charge    Tloc/Air       12%        N/A       75%         4


Dungeon Overview and Level Annotations

Branches:
Dungeon (3/15)

Altars:

Shops:
D:3 *


Innate Abilities, Weirdness & Mutations

Your plain brown scales are hard. (AC +5)
You cannot fit into any form of body armour.
You are cold-blooded and may be slowed by cold attacks.


Message History

You open the door.
A bombardier beetle comes into view.
Found a mace.
Found a worn lead wand.
There is an open door here.
The bombardier beetle sprays incendiary fluid at you.
The burning spray hits you.
You are covered in liquid fire!
You shake off some of the fire as you move.
The liquid fire burns you!
The bombardier beetle sprays incendiary fluid at you.
The burning spray hits you.
You are even more covered in liquid fire!
You shake off some of the fire as you move.
The liquid fire burns you!
You shake off some of the fire as you move.
The liquid fire burns you!
The bombardier beetle sprays incendiary fluid at you.
The burning spray hits you.
You are even more covered in liquid fire!
You hit the bombardier beetle.
The bombardier beetle is lightly wounded.
The liquid fire burns you!
You hit the bombardier beetle but do no damage.
The bombardier beetle is lightly wounded.
The liquid fire burns you!
The bombardier beetle bites you but does no damage.
You barely miss the bombardier beetle.
Your tail-slap misses the bombardier beetle.
The bombardier beetle is lightly wounded.
The liquid fire burns you!
* * * LOW HITPOINT WARNING * * *
Casting: Blink (safe; 9% risk of failure)
Confirm with . or Enter, or press ? or * to list all spells.
You blink.
An adder comes into view.
Found 5 boomerangs and a scroll labelled UCYGIO UKKUJI.
The liquid fire burns you!
* * * LOW HITPOINT WARNING * * *
The adder hisses angrily.
It was a potion of heal wounds.
You feel much better. The liquid fire burns you! The adder barely misses you.
You hit the adder.
The adder is moderately wounded.
The liquid fire burns you! The adder bites you but does no damage.
You hit the adder.
The adder is heavily wounded.
The liquid fire burns you! The adder bites you but does no damage.
You completely miss the adder.
The adder is heavily wounded.
The liquid fire burns you!
The adder bites you but does no damage. x2
You closely miss the adder.
Your tail-slap misses the adder.
The adder is heavily wounded.
The liquid fire burns you! The adder bites you but does no damage.
Unknown command.
You closely miss the adder. You tail-slap the adder.
The adder is severely wounded.
The liquid fire burns you!
* * * LOW HITPOINT WARNING * * *
The adder bites you but does no damage.
The bombardier beetle waves its antennae.
The bombardier beetle sprays incendiary fluid at you.
The burning spray hits you.
You are even more covered in liquid fire!
Unknown command.
You feel much better. The liquid fire burns you!
You feel ready to blink again. The adder closely misses you.
The adder barely misses you.
You shake off some of the fire as you move.
The liquid fire burns you!
The bombardier beetle sprays incendiary fluid at you.
The burning spray hits you.
You are even more covered in liquid fire!
The adder bites you but does no damage.
Unknown command.
You hit the adder.
You kill the adder!
The liquid fire burns you!
You shake off some of the fire as you move.
The liquid fire burns you!
* * * LOW HITPOINT WARNING * * *
The bombardier beetle sprays incendiary fluid at you.
The burning spray hits you.
You are even more covered in liquid fire!
You shake off some of the fire as you move.
The liquid fire burns you!
* * * LOW HITPOINT WARNING * * *
The bombardier beetle bites you.
* * * LOW HITPOINT WARNING * * *
Okay, then.
Okay, then.
You shake off some of the fire as you move.
The liquid fire burns you!
You die...

########
#......#
#####......#
........?..#
.......(...#
...........+
#............#
#......##...##
.....####.@.#
..../...B####
............#
............#
............#
#+#.......#
#...)..######
+......'....#
...#......####.#


You could see a bombardier beetle.

Vanquished Creatures
  An adder (D:5)
  3 dart slugs (D:1)
  3 orcs (D:3)
  5 ball pythons
  5 bats
  4 endoplasms
  4 goblins
  3 hobgoblins
  2 jackals (D:2)
  3 kobolds
  2 quokkas
  2 frilled lizards (D:1)
  3 rats (D:1)
40 creatures vanquished.

Notes
Turn   | Place    | Note
-------+----------+-------------------------------------------
     0 | D:1      | GloriousHammer the Draconian Warper began the quest for the
                  | Orb.
     0 | D:1      | Reached XP level 1. HP: 17/17 MP: 3/3
    67 | D:1      | Reached skill level 1 in Throwing
   188 | D:1      | Reached XP level 2. HP: 22/25 MP: 5/5
   278 | D:1      | Learned a level 2 spell: Blink
   755 | D:1      | Reached XP level 3. HP: 27/30 MP: 6/6
  1967 | D:3      | Found Loturede's General Store.
  2017 | D:3      | You fall into a shaft and drop 2 floors!
  2017 | D:5      | Entered Level 5 of the Dungeon
  2104 | D:5      | HP: 1/30 [bombardier beetle (3)]
  2105 | D:5      | Incinerated by a bombardier beetle

Illustrated notes

Levels and vault maps discovered:
D:1:      dpeg_arrival_renting, layout_loops_corners, serial_aquarium,
          aquarium_bridge_square [aquarium_subvault_balcony,
          aquarium_subvault_window, aquarium_subvault_balcony,
          aquarium_subvault_bridge], aquarium_window_corridor_1,
          aquarium_window_fake, aquarium_window_1, aquarium_view_2a,
          aquarium_balcony_3b
D:2:      layout_rooms
D:3:      layout_basic, grunt_temple_overflow_open,
          mainiacjoe_overflow_alcove_2, serial_shops,
          nicolae_shop_advertising_works [nicolae_subvault_shop_adworks]
D:5:      layout_basic, slow_altar_2

Skill      XL: |  1 |
---------------+----+-----
Throwing       | 1 |  1.2
Fighting       | |  2.4
Maces & Flails | |  2.8
Dodging        | |  2.2
Spellcasting   | |  2.5
Translocations | |  3.5

Action                     || total
---------------------------++-------
  Melee: Mace              ||    50
         Tailslap          ||    17
         Whip              ||    76
  Throw: Dart              ||     1
   Cast: Blink             ||     3
    Use: Potion            ||     2
   Stab: Sleeping          ||     1
 Armour: Skin              ||    80
  Dodge: Dodged            ||   103
